Map: Neon Violet Square LE

Players

Juxtapose - Winner!

  • Race: Protoss Protoss
  • League: Gold
  • Spawn Location: 11:00

OzTirael

  • Race: Zerg Zerg
  • League: Gold
  • Spawn Location: 5:00

VOD

https://youtu.be/ZdHRRIiSijg

Description

One of my worst match ups, I tried adjusting my Protoss opening build to allow me to get more units faster.

I delayed my second Assimilator and didn't rush getting Pylons as fast, and it worked much better than normal.

Time

  • Played on: Dec. 27, 2017, 11:25 a.m.
  • Length: 8:56
Show
View Real Time Build Order
Export as new Build Order

Juxtapose Protoss - Winner!

Build Orders:  

Get SALT Encoding   

  12  0:01  Probe  
  13  0:13  Probe  
  14  0:20  Pylon  
  14  0:25  Probe  
  15  0:38  Probe  
  15  0:41  Gateway  
  16  0:50  Probe  
  16  0:52  Assimilator  
  17  1:01  Pylon  
  17  1:02  Probe  
  18  1:14  Probe  
  19  1:26  Probe  
  19  1:29  Cybernetics Core  
  20  1:32  Cybernetics Core  
  20  1:37  Zealot (Chrono Boost)  
  20  1:38  Probe  
  23  1:49  Assimilator  
  23  1:55  Zealot (Chrono Boost)  
  23  2:00  Probe  
  26  2:11  Pylon  
  26  2:16  Warp Gate  
  26  2:19  Zealot (Chrono Boost)  
  26  2:21  Probe  
  29  2:41  Sentry (Chrono Boost)  
  31  2:45  Shield Battery  
  31  2:54  Robotics Facility  
  31  3:04  Stalker (Chrono Boost)  
  33  3:06  Probe  
  34  3:20  Forge  
  34  3:27  Stalker (Chrono Boost)  
  34  3:30  Gateway  
  36  3:42  Observer  
  37  3:55  Photon Cannon  
  37  3:57  Zealot  
  38  4:34  Pylon  
  38  4:37  Protoss Ground Weapons Level 1 (Chrono Boost)  
  38  4:52  Immortal (Chrono Boost)  
  42  4:58  Nexus  
  42  5:02  Pylon  
  42  5:07  Zealot  
  42  5:08  Zealot  
  46  5:27  Immortal (Chrono Boost)  
  50  5:39  Probe  
  51  5:43  Stalker  
  51  5:44  Stalker  
  55  6:01  Pylon  
  55  6:09  Probe  
  55  6:10  Observer (Chrono Boost)  
  57  6:17  Probe  
  58  6:22  Probe  
  58  6:24  Stalker  
  58  6:25  Zealot  
  63  6:29  Pylon  
  63  6:30  Probe  
  64  6:34  Probe  
  65  6:42  Probe  
  65  6:46  Probe  
  67  6:54  Probe  
  68  6:58  Probe  
  67  7:10  Immortal  
  67  7:25  Zealot  
  67  7:26  Zealot  
  67  7:28  Probe  
  70  7:40  Probe  
  70  7:43  Gateway  
  71  7:45  Gateway  
  71  7:49  Immortal  
  75  7:58  Stalker x2  
  69  8:34  Zealot x2  
  69  8:38  Twilight Council  
Show
View Real Time Build Order
Export as new Build Order

OzTirael Zerg 

Build Orders: Hatch First 

Get SALT Encoding   

  12  0:01  Drone  
  13  0:10  Drone  
  14  0:36  Hatchery  
  14  0:40  Drone  
  14  0:45  Extractor  
  14  0:47  Drone  
  14  0:55  Overlord  
  14  1:14  Spawning Pool  
  14  1:15  Drone  
  14  1:20  Drone  
  14  1:24  Drone  
  16  1:38  Drone  
  16  1:39  Drone  
  18  1:49  Drone  
  18  1:50  Drone  
  20  2:00  Drone  
  21  2:01  Queen  
  23  2:09  Drone  
  23  2:10  Drone  
  23  2:14  Extractor  
  24  2:18  Drone  
  24  2:21  Drone  
  26  2:27  Roach Warren  
  26  2:29  Metabolic Boost  
  25  2:32  Drone  
  25  2:36  Drone  
  27  2:46  Drone  
  27  2:50  Overlord x2  
  28  3:01  Extractor  
  28  3:02  Drone  
  28  3:16  Drone  
  28  3:17  Drone  
  28  3:18  Hatchery  
  30  3:20  Drone  
  30  3:22  Drone  
  31  3:28  Zergling x4  
  31  3:32  Zergling x2  
  34  3:37  Drone  
  35  3:47  Overlord  
  35  3:58  Spore Crawler  
  35  4:00  Drone  
  35  4:01  Spore Crawler  
  34  4:04  Drone x2  
  34  4:06  Drone  
  37  4:12  Drone x3  
  39  4:29  Spore Crawler  
  38  4:35  Drone x2, Spore Crawler  
  39  4:42  Drone x2  
  39  4:44  Queen  
  43  4:50  Spore Crawler, Lair  
  42  4:54  Drone x4  
  42  4:59  Extractor  
  45  5:04  Drone  
  45  5:05  Drone  
  47  5:10  Spore Crawler  
  47  5:12  Spore Crawler  
  47  5:13  Drone  
  46  5:22  Drone  
  46  5:23  Drone x2  
  49  5:36  Overlord x3  
  49  5:55  Roach  
  49  5:56  Roach x2  
  55  6:01  Drone x3  
  58  6:06  Roach x2  
  58  6:07  Roach x2  
  66  6:19  Hatchery  
  66  6:21  Roach  
  66  6:22  Roach x2  
  66  6:24  Queen  
  73  6:28  Spire  
  72  6:37  Evolution Chamber  
  71  6:43  Drone  
  71  6:44  Drone, Spore Crawler, Overlord x2  
  71  6:45  Overlord  
  73  6:56  Roach  
  74  7:02  Roach x2  
  74  7:03  Overlord  
  74  7:07  Roach  
  62  7:16  Roach  
  57  7:23  Roach  
  53  7:41  Roach x3  
  53  7:42  Roach x2  
  56  7:48  Roach x3  
  44  8:11  Hatchery  
  23  8:22  Spine Crawler  
  21  8:27  Roach x3  
  21  8:31  Roach  
  21  8:32  Roach  
Tags
 
Add a new tag
Caveats
  • Supply blocks, unpowered buildings, or Contaminate may cause inaccurate times.
  • Supply counts are checked every 10 seconds.